 Dungeon Crawl Stone Soup version 0.31-a0-986-g5e6e4ef867 (webtiles) character file.

Game seed: 5531099949661374515

874 avis the Chiller (level 7, -1/42 (46) HPs)
             Began as a Felid Ice Elementalist on Nov 24, 2023.
             Slain by a wight
             ... wielding a +1 spear of venom
              (4 damage)
             ... on level 5 of the Dungeon.
             The game lasted 00:36:38 (9265 turns).

avis the Chiller (Felid Ice Elementalist)           Turns: 9265, Time: 00:36:39

HP:   -1/42 (46)    AC: 30    Str:  6    XL:     7   Next: 74%
MP:   1/12          EV:  4    Int: 17    God:
Gold: 178           SH:  0    Dex: 16    Spells: 1/12 levels left
                                        Lives: 0   Deaths: 2

rFire   . .          .
                       - Unarmed
rCold   . . .        (shield unavailable)
rNeg    . . .        (body armour unavailable)
rPois   +            (helmet unavailable)
rElec   .            (cloak unavailable)
rCorr   .            (gloves unavailable)
SInv    +            (boots unavailable)
Will    +....        s - amulet of the acrobat
Stlth   ++           (no ring)
HPRegen 0.27/turn    (no ring)
MPRegen 0.13/turn

%: acrobat
@: ice-armoured, tree-form, acrobatic, drained
A: stationary, stasis, torment immunity, boosted hp, very small, (claws 1),
(fangs 3), see invisible, (speed 1), (shaggy fur 2), (stealthy paws), no weapons
or thrown items, no armour, multi-lived
a: no special abilities


You were on level 5 of the Dungeon.
You were a tree.
You visited 1 branch of the dungeon, and saw 5 of its levels.

You collected 178 gold pieces.

Inventory:

Jewellery
 d - an amulet of faith
 s - an amulet of the acrobat (around neck)
Talismans
 m - a maw talisman
Wands
 l - a wand of digging (11)
Scrolls
 c - a scroll of enchant armour {unknown}
 f - 2 scrolls of fear {unknown}
 h - a scroll of summoning {unknown}
 i - 2 scrolls of identify {unknown}
 j - a scroll of amnesia {unknown}
 n - 2 scrolls of blinking
 o - a scroll of immolation {unknown}
 r - a scroll of torment
 v - a scroll of enchant weapon {unknown}
 w - a scroll of noise {unknown}
Potions
 a - a potion of magic
 b - a potion of enlightenment {unknown}
 e - a potion of invisibility {unknown}
 k - 2 potions of brilliance
 p - a potion of berserk rage {unknown}
 q - a potion of cancellation {unknown}
 t - a potion of ambrosia {unknown}
 u - a potion of lignification


   Skills:
 - Level 3.0 Fighting
 - Level 3.0 Dodging
 - Level 3.0 Stealth
 - Level 3.0 Unarmed Combat
 - Level 3.0 Spellcasting
 + Level 2.1 Summonings
 - Level 6.0 Ice Magic
 * Level 3.5 Shapeshifting


You had one spell level left.
You knew the following spells:

 Your Spells              Type           Power      Damage    Failure   Level
a - Freeze                Ice            88%        1d9       1%          1
o - Ozocubu's Armour      Ice            22%        N/A       4%          3
r - Frozen Ramparts       Ice            44%        1d7       4%          3
s - Summon Ice Beast      Ice/Summ       16%        N/A       32%         4

Your spell library contained the following spells:

 Spells                   Type           Power      Damage    Failure   Level
 Apportation              Tloc           4%         N/A       17%         1
 Magic Dart               Conj           8%         1d3       17%         1
 Call Imp                 Summ           18%        N/A       11%         2
 Jinxbite                 Hex            4%         N/A       26%         2
 Mephitic Cloud           Conj/Pois/Air  2%         N/A       45%         3
 Volatile Blastmotes      Fire/Tloc      4%         2d10      45%         3
 Fulminant Prism          Conj/Hex       1%         3d5       86%         4
 Iskenderun's Mystic Bla  Conj/Tloc      2%         2d3       86%         4
 Alistair's Intoxication  Tmut/Pois      1%         N/A       99%         5


Dungeon Overview and Level Annotations

Branches:
Dungeon (5/15)
 Temple: D:4-7

Altars:
Ashenzari
Makhleb
Nemelex Xobeh
Yredelemnul

Shops:
D:3 ?


Innate Abilities, Weirdness & Mutations

You are a tree.
Your roots penetrate the ground, keeping you stationary.
You cannot be teleported.
You are immune to unholy pain and torment.
Your maximum health is greatly increased.
((You have sharp claws.))
((You have razor-sharp teeth.))
You have supernaturally acute eyesight. (SInv)
((You cover ground quickly. (Speed+)))
((You are covered in thick fur. (AC +2)))
((Your paws help you pounce on unaware monsters.))
You are incapable of wielding weapons or throwing items.
You cannot wear armour.
You gain extra lives every three experience levels.


Message History

* * * LOW HITPOINT WARNING * * *
You feel drained.
Your ice beast barely misses the wight.
As you read the scroll labelled VEKHOCI RYINKE, it crumbles to dust.
You feel a surge of unholy energy.
Your ice beast convulses!
It was a scroll of torment.
You feel sick.
The wight hits you from afar with a +1 spear of venom.
* * * LOW HITPOINT WARNING * * *
Your ice beast hits the wight but does no damage.
* * * LOW HITPOINT WARNING * * *
You feel sick. The wight hits you but does no damage.
Your ice beast closely misses the wight.
What are your orders? t - Creak!
Orders for allies: a - Attack new target. p - Attack previous target. r - Retreat! s - Stop attacking. g - Guard the area. f - Follow me.
Anything else - Cancel.
Gang up on whom?
Press: ? - help, Dir - move target, f/p - wight
Aim: a wight, wielding a +1 spear of venom and wearing a +0 robe (lightly damaged, ally target) Attack!
* * * LOW HITPOINT WARNING * * *
You feel sick. The wight hits you but does no damage.
Your ice beast completely misses the wight.
* * * LOW HITPOINT WARNING * * *
You feel sick.
You are no longer poisoned.
The wight hits you but does no damage.
Your ice beast hits the wight.
Your ice beast freezes the wight.
The wight resists.
The wight hits you but does no damage.
Your ice beast closely misses the wight.
The wight barely misses you.
Your ice beast hits the wight.
Your ice beast freezes the wight.
The wight resists.
The wight hits you but does no damage.
Your ice beast hits the wight.
Your ice beast freezes the wight.
The wight resists.
The wight hits you but does no damage.
Your ice beast barely misses the wight.
The wight completely misses you.
Your ice beast barely misses the wight.
The wight hits you from afar with a +1 spear of venom.
You die...

##..<............##
###...............##
##...............###
#............#####
..#....####..#
......#####..# #
.............# ..#
..#.##......)######....#
..#.##..........♣Yzz...#
.............######....#
..#..........# ..#
.............# #
.....#.......###
..#..###.......#
...............#
###..###.......#
#..###########


You could see 2 wights and a friendly ice beast (summoned).

Vanquished Creatures
  A phantom (D:4)
  A scorpion (D:4)
  A water moccasin zombie (D:5)
  A wight (D:5)
  A hound (D:4)
  An orc priest (D:4)
  Crazy Yiuf (D:3)
  A jelly (D:4)
  Jessica (D:3)
  2 iguanas
  An orc wizard (D:5)
  Natasha (thrice) (D:3)
  Robin (D:2)
  8 adders
  6 gnolls
  A howler monkey zombie (D:5)
  A shadow imp (D:5)
  An adder zombie (D:5)
  4 worms
  4 dart slugs
  22 orcs
  8 endoplasms
  A giant cockroach (D:3)
  12 goblins
  10 hobgoblins
  4 jackals (D:5)
  11 kobolds
  3 quokkas
  6 ball pythons
  4 bats
  5 frilled lizards
  7 rats
134 creatures vanquished.

Vanquished Creatures (collateral kills)
  An adder (D:5)
  A dart slug (D:5)
2 creatures vanquished.

Vanquished Creatures (others)
  A ball python (D:2)
1 creature vanquished.

Grand Total: 137 creatures vanquished

Notes
Turn   | Place    | Note
-------+----------+-------------------------------------------
     0 | D:1      | avis the Felid Ice Elementalist began the quest for the
                  | Orb.
     0 | D:1      | Reached XP level 1. HP: 7/7 MP: 4/4
   153 | D:1      | Reached skill level 1 in Fighting
   153 | D:1      | Reached skill level 1 in Unarmed Combat
   202 | D:1      | Reached XP level 2. HP: 12/12 MP: 3/6
  1022 | D:1      | Found a faded altar of an unknown god.
  1029 | D:1      | Reached XP level 3. HP: 16/16 MP: 3/7
  1170 | D:1      | Learned a level 3 spell: Ozocubu's Armour
  1588 | D:2      | Noticed Robin
  1841 | D:2      | Killed Robin
  1911 | D:1      | Reached XP level 4. HP: 20/20 MP: 3/8
  2547 | D:1      | Learned a level 3 spell: Frozen Ramparts
  2582 | D:1      | HP: 1/21 [gnoll/+0 flail (8)]
  2758 | D:1      | Reached skill level 4 in Ice Magic
  2758 | D:1      | Reached XP level 5. HP: 18/24 MP: 0/9
  4140 | D:3      | Noticed Jessica
  4148 | D:3      | Killed Jessica
  4257 | D:3      | Found The Oracle's Delphic Readings.
  4539 | D:3      | Noticed Natasha
  4552 | D:3      | Killed Natasha
  4599 | D:3      | Noticed Natasha
  4607 | D:3      | Killed Natasha
  4608 | D:3      | Gained mutation: You are covered in thick fur. (AC +2)
                  | [Felid growth]
  4608 | D:3      | Reached XP level 6. HP: 20/28 MP: 4/11
  4789 | D:3      | Found a sparkling altar of Nemelex Xobeh.
  4881 | D:3      | Noticed Natasha
  4888 | D:3      | Killed Natasha
  5670 | D:3      | Found a runed translucent door.
  5671 | D:3      | Noticed Crazy Yiuf
  5679 | D:3      | Killed Crazy Yiuf
  5680 | D:3      | Reached skill level 5 in Ice Magic
  6772 | D:4      | Reached XP level 7. HP: 19/31 MP: 6/12
  6972 | D:4      | Reached skill level 6 in Ice Magic
  6972 | D:4      | Reached skill level 1 in Shapeshifting
  7401 | D:4      | Learned a level 4 spell: Summon Ice Beast
  7402 | D:5      | Entered Level 5 of the Dungeon
  7402 | D:5      | Found a broken altar of Ashenzari.
  7818 | D:4      | Reached skill level 1 in Summonings
  8484 | D:5      | Found a basalt altar of Yredelemnul.
  8497 | D:5      | Slain by an orc
  8662 | D:5      | Mangled by a wight
  9191 | D:5      | Found a burning altar of Makhleb.
  9257 | D:5      | HP: 2/42 [poisoned by a wight]
  9265 | D:5      | Slain by a wight

Illustrated notes

Levels and vault maps discovered:
D:1:      minmay_arrival_nine_rooms, layout_basic,
          hellmonk_ecumenical_altar_run_dry
D:2:      layout_rooms, uniq_robin
D:3:      layout_loops_corners, nemelex_dance_club_becter,
          nicolae_nh_oracle_at_delphi, uniq_jessica, uniq_crazy_yiuf_cottage,
          uniq_natasha
D:4:      minmay_general_purpose_star, layout_loops_ring
D:5:      layout_rooms, lemuel_coloured_pillars_altar,
          nicolae_yredelemnul_corpse_copse, mainiacjoe_overflow_chevrons

Skill      XL: |  1  2  3  4  5  6  7 |
---------------+----------------------+-----
Fighting       | 1 2 3 |  3.0
Unarmed Combat | 1 2 3 |  3.0
Ice Magic      | 4 5 6 |  6.0
Dodging        | 3 |  3.0
Stealth        | 3 |  3.0
Spellcasting   | 3 |  3.0
Shapeshifting  | 3 |  3.5
Summonings     | 2 |  2.1

Action                     |  1- 3 |  4- 6 |  7- 9 || total
---------------------------+-------+-------+-------++-------
  Melee: Unarmed           |     1 |    83 |   113 ||   197
         Bite              |       |    10 |    12 ||    22
         Punch             |       |     1 |     3 ||     4
   Cast: Freeze            |    63 |    49 |     1 ||   113
         Ozocubu's Armour  |     4 |    40 |    19 ||    63
         Frozen Ramparts   |       |    40 |    19 ||    59
         Summon Ice Beast  |       |       |     5 ||     5
    Use: Potion            |       |       |     4 ||     4
         Scroll            |       |       |     2 ||     2
   Stab: Sleeping          |       |     3 |       ||     3
 Armour: Skin              |    18 |    51 |    81 ||   150
  Dodge: Dodged            |    41 |   102 |   106 ||   249

Table legend: (Time is in decaauts)
 A = Elapsed time spent in this place.
 B = Non-inter-level travel time spent in this place.
 C = Inter-level travel time spent in this place.
 D = Time resting spent in this place.
 E = Time spent auto-exploring this place.
 F = Levels seen in this place.
 G = Mean time per level.
                   A        B        C        D        E       F      G
               +--------+--------+--------+--------+--------+-----+--------+
         Total |   8584 |   8304 |    280 |   4613 |   2270 |   5 | 1716.8 |
       Dungeon |   8584 |   8304 |    280 |   4613 |   2270 |   5 | 1716.8 |
               +--------+--------+--------+--------+--------+-----+--------+

Top non-repeatable levels by time:
     D:3: 2440 daAuts
     D:1: 2003 daAuts
     D:4: 1940 daAuts
     D:2: 1185 daAuts
     D:5: 1015 daAuts
